 Dungeon Crawl Stone Soup version 0.28.0-43-g3370ac3207 (webtiles) character file.

Game seed: 12902204588982194025

290 Zeld the Stinger (level 6, 0/49 HPs)
             Began as a Naga Venom Mage on Mar 20, 2022.
             Slain by a water moccasin skeleton (3 damage)
             ... on level 6 of the Dungeon.
             The game lasted 00:09:56 (5795 turns).

Zeld the Stinger (Naga Venom Mage)                  Turns: 5795, Time: 00:09:56

Health: 0/49       AC:  4    Str: 12    XL:     6   Next: 32%
Magic:  0/11       EV: 10    Int: 16    God:
Gold:   70         SH:  0    Dex: 11    Spells: 2/12 levels left

rFire   . . .      SeeInvis +   (no weapon)
rCold   . . .      Faith    .   (no shield)
rNeg    . . .      Spirit   .   a - +0 robe
rPois   +          Reflect  .   (no helmet)
rElec   .          Harm     .   (no cloak)
rCorr   .          Rampage  .   k - +0 pair of gloves
Will    .....                   (no barding)
Stlth   +++.......              (no amulet)
HPRegen 0.16/turn               (no ring)
MPRegen 0.12/turn               (no ring)

@: very slow
A: AC +2, large, see invisible, deformed body, poison resistance, slowness 2,
spit poison 1, naga tail 1
a: Spit Poison


You were on level 6 of the Dungeon.
You visited 1 branch of the dungeon, and saw 6 of its levels.

You collected 145 gold pieces.
You spent 75 gold pieces at shops.

Inventory:

Armour
 a - a +0 robe (worn)
 k - a +0 pair of gloves (worn)
Scrolls
 e - 2 scrolls of identify
 g - a scroll of torment {unknown}
 h - a scroll of magic mapping {unknown}
 i - 3 scrolls of teleportation {unknown}
 j - a scroll of blinking {unknown}
 l - a scroll of silence {unknown}
Potions
 b - a potion of brilliance {unknown}
 c - a potion of might {unknown}
 d - a potion of invisibility {unknown}
 f - a potion of flight {unknown}
 m - a potion of curing {unknown}


   Skills:
 - Level 2.0 Dodging
 + Level 5.0 Stealth
 * Level 3.7 Spellcasting
 - Level 2.0 Transmutations
 * Level 6.1 Poison Magic


You had 2 spell levels left.
You knew the following spells:

 Your Spells              Type           Power      Damage    Failure   Level
a - Sting                 Tmut/Pois      64%        1d6       3%          1
b - Poisonous Vapours     Pois/Air       24%        N/A       8%          2
c - Mephitic Cloud        Conj/Pois/Air  9%         N/A       22%         3
d - Olgreb's Toxic Radia  Pois           22%        N/A       14%         4

Your spell library contained the following spells:

 Spells                   Type           Power      Damage    Failure   Level
 Slow                     Hex            12%        N/A       17%         1
 Passwall                 Tmut/Erth      5%         N/A       17%         2
 Ensorcelled Hibernation  Hex/Ice        6%         N/A       26%         2
 Confusing Touch          Hex            3%         N/A       45%         3
 Swiftness                Air            3%         N/A       45%         3
 Vampiric Draining        Necr           3%         2d6       45%         3


Dungeon Overview and Level Annotations

Branches:
Dungeon (5/15)
 Temple: D:4-7

Altars:
Gozag

Shops:
D:1 [   D:3 ?([?!

Annotations:
D:4 3 runed translucent doors, WaxSun's ghost, amateur HuWn


Innate Abilities, Weirdness & Mutations

Your serpentine skin is tough. (AC +2)
You have supernaturally acute eyesight. (SInv)
Armour fits poorly on your strangely shaped body.
Your system is resistant to poisons. (rPois)
You cover ground very slowly.
You can spit poison.
You have a snake-like lower body.


Message History

Your toxic radiance grows in intensity.
The water moccasin skeleton bites you.
Casting: Olgreb's Toxic Radiance (quite dangerous; 14% risk of failure)
Confirm with . or Enter, or press ? or * to list all spells.
You can't see any susceptible monsters within range! (Use Z to cast anyway.) Unknown command.
Casting: Olgreb's Toxic Radiance (quite dangerous; 14% risk of failure)
Confirm with . or Enter, or press ? or * to list all spells.
You can't see any susceptible monsters within range! (Use Z to cast anyway.)
The water moccasin bites you.
The water moccasin skeleton bites you but does no damage.
The water moccasin bites you.
Your toxic aura wanes.
The water moccasin closely misses you. The water moccasin bites you.
The water moccasin skeleton bites you! The water moccasin bites you.
The water moccasin skeleton bites you. The water moccasin bites you.
* * * LOW HITPOINT WARNING * * *
The water moccasin skeleton closely misses you.
The water moccasin barely misses you.
Casting: Olgreb's Toxic Radiance (quite dangerous; 14% risk of failure)
Confirm with . or Enter, or press ? or * to list all spells.
You can't see any susceptible monsters within range! (Use Z to cast anyway.)
Casting: Olgreb's Toxic Radiance (quite dangerous; 14% risk of failure)
Confirm with . or Enter, or press ? or * to list all spells.
You can't see any susceptible monsters within range! (Use Z to cast anyway.)
Casting: Olgreb's Toxic Radiance (quite dangerous; 14% risk of failure)
Confirm with . or Enter, or press ? or * to list all spells.
The spell is quite dangerous to miscast (14% risk of failure)!
Continue anyway? [Y]es or [N]o only, please.
The spell is quite dangerous to miscast (14% risk of failure)!
Continue anyway?
You begin to radiate toxic energy.
The water moccasin bites you.
* * * LOW HITPOINT WARNING * * *
The water moccasin skeleton bites you!
* * * LOW HITPOINT WARNING * * *
The water moccasin bites you but does no damage.
Unknown command.
Your toxic aura wanes.
The water moccasin skeleton barely misses you.
The water moccasin bites you but does no damage.
The water moccasin skeleton bites you.
You die...

#................
#................#
###..............#
#..............#
#..............#
#..............#
#...............
#......ZS.......
########@.......
#........
#........
#....#### #....#
#....# #.....
.......


You could see a water moccasin and a water moccasin skeleton.

Vanquished Creatures
  A hound (D:4)
  An orc priest (D:3)
  An iguana (D:4)
  2 orc wizards (D:3)
  A gnoll (D:1)
  6 adders
  A worm (D:2)
  3 dart slugs
  11 orcs (D:3)
  4 ball pythons
  5 endoplasms
  4 giant cockroaches
  7 goblins
  9 hobgoblins
  2 kobolds
  2 quokkas
  5 bats
  3 frilled lizards
  4 rats
72 creatures vanquished.

Notes
Turn   | Place    | Note
-------+----------+-------------------------------------------
     0 | D:1      | Zeld the Naga Venom Mage began the quest for the Orb.
     0 | D:1      | Reached XP level 1. HP: 15/15 MP: 3/3
    78 | D:1      | Reached XP level 2. HP: 8/22 MP: 0/5
   285 | D:1      | Learned a level 2 spell: Poisonous Vapours
   990 | D:1      | Reached XP level 3. HP: 28/28 MP: 2/6
   994 | D:1      | Learned a level 3 spell: Mephitic Cloud
  1404 | D:1      | Found Qyonlov's Armour Boutique.
  2268 | D:2      | Reached XP level 4. HP: 32/36 MP: 4/8
  3255 | D:3      | Found Dinomul's Armour Boutique.
  3262 | D:3      | Reached skill level 5 in Poison Magic
  3263 | D:3      | Bought a +0 pair of gloves for 49 gold pieces
  3352 | D:3      | Found Pedic's Distillery.
  3475 | D:3      | Reached XP level 5. HP: 39/42 MP: 0/9
  3567 | D:3      | Learned a level 4 spell: Olgreb's Toxic Radiance
  3586 | D:3      | Found Sir Uplu's Magic Scroll Emporium.
  3594 | D:3      | Bought a scroll of identify for 26 gold pieces
  3640 | D:3      | Found Seficayn's Antique Weapon Boutique.
  3682 | D:3      | Found Biarerr's Magic Scroll Emporium.
  3698 | D:3      | Found a faded altar of an unknown god.
  4823 | D:4      | Found a runed translucent gate.
  4823 | D:4      | Found a runed translucent gate.
  4823 | D:4      | Found a runed translucent gate.
  4823 | D:4      | Found an opulent altar of Gozag.
  4825 | D:4      | Noticed an ice beast
  4825 | D:4      | Noticed WaxSun's ghost (amateur HuWn)
  4839 | D:4      | Reached XP level 6. HP: 21/49 MP: 6/11
  5271 | D:4      | Reached skill level 6 in Poison Magic
  5680 | D:4      | Noticed a necrophage
  5722 | D:5      | Entered Level 5 of the Dungeon
  5729 | D:5      | Reached skill level 5 in Stealth
  5782 | D:5      | You fall into a shaft and drop 1 floor!
  5782 | D:6      | Noticed a water moccasin
  5795 | D:6      | Slain by a water moccasin skeleton

Illustrated notes

Levels and vault maps discovered:
D:1:      eino_arrival_cavern_c, layout_loops_ring, serial_shops,
          nicolae_shop_hallway_stairs
D:2:      kb_forest_paths, layout_rooms, item_on_display_b
D:3:      layout_basic, serial_shops, shop, nicolae_shop_behind_doors, shop,
          nicolae_shop_statue_plus, nicolae_square_shop, basic_ecumenical_altar
D:4:      layout_layer_cave, ebering_ghost_gozag
D:5:      layout_basic, uniq_eustachio
D:6:      layout_basic, minmay_temple_entry_drinking_statues,
          gammafunk_ghost_necromancy

Skill      XL: |  1  2  3  4  5  6 |
---------------+-------------------+-----
Dodging        | 2 |  2.0
Stealth        | 4 5 |  5.0
Poison Magic   | 5 6 |  6.1
Spellcasting   | 3 |  3.7
Transmutations | 2 |  2.0

Action                   |  1- 3 |  4- 6 || total
-------------------------+-------+-------++-------
Melee: Unarmed           |     9 |    25 ||    34
 Cast: Sting             |    58 |    70 ||   128
       Poisonous Vapours |     8 |    23 ||    31
       Mephitic Cloud    |     2 |     3 ||     5
       Olgreb's Toxic Ra |       |     5 ||     5
 Abil: Spit Poison       |     9 |     8 ||    17
Armor: Robe              |     4 |    24 ||    28
Dodge: Dodged            |    33 |    78 ||   111
